 Dungeon Crawl Stone Soup version 0.30.0-5-g1a98f26d00 (webtiles) character file.

Game seed: 3283311975680920961

51800 bmack86 the Severer (level 14, 0/127 HPs)
             Began as a Minotaur Fighter on May 8, 2023.
             Was a High Priest of Okawaru.
             Killed from afar by a lindwurm (9 damage)
             ... with a blast of flame
             ... on level 5 of the Lair of Beasts on May 9, 2023.
             The game lasted 00:36:57 (15175 turns).

bmack86 the Severer (Minotaur Fighter)             Turns: 15175, Time: 00:36:57

Health: 0/127      AC: 27    Str: 26    XL:     14   Next: 24%
Magic:  18/18      EV:  7    Int:  5    God:    Okawaru [*****.]
Gold:   2178       SH:  6    Dex:  5    Spells: 13/13 levels left

rFire   . . .        j - +6 war axe
rCold   + + +        c - +0 buckler
rNeg    + + .        e - +4 plate armour
rPois   +            b - +4 hat of the Abyss {*Corrode rElec rC+ rN+}
rElec   +            u - scarf of the Sandy God {+Inv, rN+}
rCorr   +            (no gloves)
SInv    .            v - +2 pair of boots of Mysticism {rC+++ Will+ rCorr Dex-5}
Will    ++...        w - amulet of the acrobat Stlth
                     g - ring of poison resistance
HPRegen 0.41/turn    s - +4 ring of slaying
MPRegen 0.16/turn

%: corrode self (3%), acrobat
@: hasted, very quick
A: horns 2, retaliatory headbutt
a: Renounce Religion, Evoke Invisibility, Heroism, Finesse, Duel


You were on level 5 of the Lair of Beasts.
You worshipped Okawaru.
Okawaru was extremely pleased with you.
You visited 3 branches of the dungeon, and saw 16 of its levels.

You collected 2178 gold pieces.

Inventory:

Hand Weapons
 a - a +0 war axe
 j - a +6 war axe (weapon)
 I - a +0 heavy broad axe
Missiles
 i - 38 poisoned darts
 m - 7 boomerangs (quivered)
 y - 5 curare-tipped darts
Armour
 b - the +4 hat of the Abyss (worn) {*Corrode rElec rC+ rN+}
   (Okawaru gifted it to you on level 4 of the Lair of Beasts)

   rC:        It protects you from cold.
   rElec:     It insulates you from electricity.
   rN:        It protects you from negative energy.
   *Corrode:  It may corrode you when you take damage.
 c - a +0 buckler (worn)
 e - a +4 plate armour (worn)
 u - the scarf of the Sandy God (worn) {+Inv, rN+}
   (You found it on level 3 of the Dungeon)

   rN:        It protects you from negative energy.
 v - the +2 pair of boots of Mysticism (worn) {rC+++ Will+ rCorr Dex-5}
   (You found it on level 3 of the Dungeon)

   Dex:       It affects your dexterity (-5).
   rC:        It renders you almost immune to cold.
   rCorr:     It protects you from acid and corrosion.
   Will:      It increases your willpower.
 J - the +1 cloak of Hiath {Rampage rCorr Int+2 Dex-4}
   (Okawaru gifted it to you on level 4 of the Lair of Beasts)

   Int:       It affects your intelligence (+2).
   Dex:       It affects your dexterity (-4).
   rCorr:     It protects you from acid and corrosion.
   Rampage:   It bestows one free step when moving towards enemies.
Jewellery
 g - a ring of poison resistance (left hand)
 p - a +6 ring of dexterity
 s - a +4 ring of slaying (right hand)
 w - an amulet of the acrobat (around neck)
 x - a ring of protection from fire
 E - a ring of positive energy
 F - a ring of flight
Wands
 d - a wand of acid (9)
 q - a wand of flame (16)
 t - a wand of iceblast (10)
 G - a wand of digging (7)
Scrolls
 l - 4 scrolls of teleportation
 n - 3 scrolls of identify
 z - 3 scrolls of fog
 A - 3 scrolls of magic mapping
 K - a scroll of fear
Potions
 f - 2 potions of lignification
 h - a potion of cancellation
 k - 4 potions of haste
 o - 3 potions of brilliance
 r - 8 potions of curing
 B - a potion of ambrosia
 C - a potion of might
 D - a potion of magic
 H - a potion of attraction


   Skills:
 + Level 12.9 Fighting
 * Level 17.2 Axes
 + Level 7.5 Throwing
 + Level 12.7 Armour
 + Level 12.9 Shields
 + Level 7.5 Invocations


You had 13 spell levels left.
You didn't know any spells.
Your spell library contained the following spells:

 Spells                   Type           Power      Damage    Failure   Level
 Beastly Appendage        Tmut           0%         N/A       99%         1
 Kiss of Death            Conj/Necr      0%         2d5       99%         1
 Slow                     Hex            0%         N/A       99%         1
 Cigotuvi's Dreadful Rot  Necr/Pois/Air  0%         N/A       100%        2
 Sublimation of Blood     Necr           0%         N/A       100%        2
 Wereblood                Tmut           0%         N/A       100%        2
 Confusing Touch          Hex            0%         N/A       100%        3
 Ignite Poison            Fire/Tmut/Pois 0%         N/A       100%        3
 Inner Flame              Hex/Fire       0%         N/A       100%        3
 Spider Form              Tmut/Pois      0%         N/A       100%        3
 Vampiric Draining        Necr           0%         2d6       100%        3
 Dispel Undead            Necr           0%         3d6       100%        4
 Flame Wave               Conj/Fire      0%         2d4       100%        4
 Petrify                  Tmut/Erth      0%         N/A       100%        4
 Sticky Flame             Conj/Fire      0%         2d3       100%        4
 Freezing Cloud           Conj/Ice/Air   0%         6-21      100%        5
 Irradiate                Conj/Tmut      0%         3d11      100%        5


Dungeon Overview and Level Annotations

Branches:
Dungeon (10/15)            Temple (1/1) D:6            Lair (5/5) D:10
 Shoals (0/4) Lair:3       Spider (0/4) Lair:3          Orc (0/2) D:9
  Slime: Lair:4-5

Altars:
Ashenzari
Cheibriados
Dithmenos
Elyvilon
Fedhas
Gozag
Hepliaklqana
Kikubaaqudgha
Makhleb
Nemelex Xobeh
Okawaru
Qazlal
Ru
Sif Muna
Trog
Uskayaw
Vehumet
Wu Jian
Xom
Yredelemnul
Zin
The Shining One

Shops:
D:3 *

Portals:
Abyss: Lair:4

Annotations:
Lair:4 2 transporters, Vufrucs's ghost, journeyman DrTm


Innate Abilities, Weirdness & Mutations

You have a pair of horns on your head.
You reflexively headbutt those who attack you in melee.


Message History

The elephant trumpets!
The lindwurm completely misses you. You furiously retaliate!
You headbutt the lindwurm!
The lindwurm claws you but does no damage.
The lindwurm misses you. The lindwurm breathes flames at you.
The blast of flame hits you!! The lindwurm bites you.
The lindwurm completely misses you.
The lindwurm claws you but does no damage.
You hit the lindwurm. You headbutt the lindwurm!
The lindwurm is severely wounded.
You hit the elephant but do no damage. The lindwurm breathes flames at you.
The blast of flame hits you!!
* * * LOW HITPOINT WARNING * * *
The elephant barely misses you. The elephant trunk-slaps you.
* * * LOW HITPOINT WARNING * * *
You completely miss the lindwurm.
The lindwurm is severely wounded.
You slash the elephant!
Unknown command.
You hit the lindwurm. You headbutt the lindwurm.
The lindwurm is severely wounded.
You hit the elephant. The lindwurm bites you.
* * * LOW HITPOINT WARNING * * *
The lindwurm claws you but does no damage.
The lindwurm barely misses you. The elephant tramples you!
* * * LOW HITPOINT WARNING * * *
You stumble backwards!
Okay, then.
Okay, then.
Okay, then.
Okay, then.
Okay, then.
Okay, then.
Okay, then.
You feel yourself speed up. The lindwurm breathes flames at you.
The blast of flame hits you!
You die...

.# ##♣....###.........†......
.P♣♣###♣.......♣########'''######
...................♣.............
.........................†.......
.................................
.................................
.................................
.................Yk..............
................@................
P...#..................#.........
..##.....P#.##.##.....#.##..#.#..
## ##....##.#..P###....###..#
#.....#..##.###..<.##....#
##....#.P............#...##
#.............##...##.....#
##.....#.....###..........# .. #
##....##P....##..........#....


You could see an elephant and a lindwurm (catching breath).

Vanquished Creatures
  2 dire elephants (Lair:5)
  2 hydras (Lair:4)
  A catoblepas (Lair:4)
  A two-headed ogre (D:10)
  6 death yaks
  A boulder beetle (Lair:3)
  Sonja (Lair:2)
  A skyshark (Lair:1)
  3 harpies (Lair:3)
  Pikel (D:7)
  An ugly thing (D:8)
  22 elephants
  5 black mambas
  Maggie (D:10)
  13 cane toads
  12 komodo dragons
  9 rime drakes
  2 trolls (D:10)
  A polar bear (Lair:4)
  Prince Ribbit (D:7)
  10 blink frogs
  10 dream sheep (Lair:4)
  Sigmund (D:5)
  6 wyverns
  A dire elephant simulacrum (Lair:5)
  A wraith (D:9)
  50 yaks
  7 basilisks
  A redback (Lair:3)
  Grum (Lair:1)
  Menkaure (D:4)
  A warg (D:9)
  15 water moccasins
  6 orc warriors
  2 black bears
  4 ice beasts
  A sky beast (D:6)
  3 ogres
  2 wolves (Lair:1)
  6 centaurs
  2 lemures (D:7)
  A phantom (D:5)
  Blork the orc (D:5)
  3 kobold brigands
  10 bullfrogs
  3 scorpions
  12 wights
  23 killer bees
  A jelly (D:8)
  8 orc priests
  4 gnoll boudas
  4 hounds
  A sleepcap (D:7)
  5 iguanas
  14 orc wizards
  8 hell rats (Lair:4)
  13 gnolls
  7 adders
  3 ufetubi
  2 worms
  3 dart slugs
  40 orcs
  6 bats
  7 endoplasms
  9 giant cockroaches
  5 hobgoblins
  8 jackals
  5 quokkas
  7 ball pythons
  2 frilled lizards
  9 goblins
  18 kobolds
  A rat (D:1)
460 creatures vanquished.

Notes
Turn   | Place    | Note
-------+----------+-------------------------------------------
     0 | D:1      | bmack86 the Minotaur Fighter began the quest for the Orb.
     0 | D:1      | Reached XP level 1. HP: 19/19 MP: 0/0
    98 | D:1      | Reached XP level 2. HP: 14/27 MP: 1/1
   197 | D:1      | Reached skill level 3 in Axes
   635 | D:2      | Reached XP level 3. HP: 31/33 MP: 2/2
   797 | D:2      | Found a faded altar of an unknown god.
   819 | D:2      | You fall into a shaft and drop 2 floors!
   902 | D:4      | Reached XP level 4. HP: 19/40 MP: 3/3
   904 | D:4      | Reached skill level 4 in Axes
  1088 | D:4      | Reached XP level 5. HP: 47/47 MP: 4/4
  1489 | D:2      | Reached skill level 5 in Axes
  1583 | D:3      | Identified the scarf of the Sandy God {+Inv, rN+}
  1779 | D:3      | Identified the +2 pair of boots of Mysticism {rC+++ Will+
                  | rCorr Dex-5}
  2011 | D:3      | Found Pajab's General Store.
  2228 | D:4      | Reached XP level 6. HP: 55/55 MP: 5/5
  2248 | D:4      | Noticed Menkaure
  2255 | D:4      | Killed Menkaure
  2256 | D:4      | Reached skill level 5 in Fighting
  2256 | D:4      | Reached skill level 5 in Armour
  2256 | D:4      | Reached skill level 5 in Shields
  2555 | D:4      | Reached skill level 6 in Axes
  2653 | D:4      | Noticed an orc warrior
  2662 | D:4      | Killed an orc warrior
  2663 | D:4      | Reached XP level 7. HP: 47/61 MP: 6/6
  2895 | D:5      | Entered Level 5 of the Dungeon
  2940 | D:5      | Reached skill level 7 in Axes
  3221 | D:5      | Noticed Sigmund
  3229 | D:5      | Killed Sigmund
  3230 | D:5      | Reached XP level 8. HP: 70/70 MP: 7/7
  3394 | D:5      | Noticed Blork the orc
  3400 | D:5      | Killed Blork the orc
  3401 | D:5      | Reached skill level 8 in Axes
  3428 | D:5      | Found a snail-covered altar of Cheibriados.
  4312 | D:6      | Reached skill level 9 in Axes
  4329 | D:6      | Identified a scroll of acquirement
  4329 | D:6      | Acquired 1167 gold pieces
  4525 | D:6      | Reached XP level 9. HP: 71/79 MP: 8/8
  4656 | D:6      | Found a hazy altar of Hepliaklqana.
  4922 | D:6      | Found a staircase to the Ecumenical Temple.
  4932 | Temple   | Entered the Ecumenical Temple
  4932 | Temple   | Found a transporter.
  4932 | Temple   | Found a transporter.
  4934 | Temple   | Found a transporter.
  4934 | Temple   | Found a transporter.
  5214 | D:7      | Noticed Pikel
  5224 | D:7      | Killed Pikel
  5225 | D:7      | Reached skill level 10 in Axes
  5409 | D:7      | Found a burning altar of Makhleb.
  5443 | D:7      | Reached skill level 11 in Axes
  5605 | D:7      | Noticed Prince Ribbit
  5612 | D:7      | Killed Prince Ribbit
  5817 | D:8      | Reached XP level 10. HP: 89/90 MP: 9/9
  6601 | D:8      | Noticed a white ugly thing
  6691 | D:8      | Killed a white ugly thing
  6692 | D:8      | Reached skill level 12 in Axes
  6966 | D:9      | Found an iron altar of Okawaru.
  7002 | D:9      | Became a worshipper of Warmaster Okawaru
  7259 | D:9      | Found a staircase to the Orcish Mines.
  7266 | D:9      | Reached skill level 1 in Throwing
  7266 | D:9      | Reached skill level 1 in Invocations
  7272 | D:9      | Reached * piety under Okawaru
  7610 | D:9      | Found a shadowy altar of Dithmenos.
  7798 | D:10     | Entered Level 10 of the Dungeon
  7822 | D:10     | Reached XP level 11. HP: 89/99 MP: 11/11
  7825 | D:10     | Reached ** piety under Okawaru
  8123 | D:10     | Found a staircase to the Lair.
  8233 | D:10     | Noticed Maggie
  8244 | D:10     | Killed Maggie
  8245 | D:10     | Reached skill level 13 in Axes
  8297 | D:10     | Noticed a two-headed ogre
  8303 | D:10     | Killed a two-headed ogre
  8304 | D:10     | Reached skill level 10 in Fighting
  8304 | D:10     | Reached skill level 10 in Shields
  8327 | D:10     | Reached skill level 10 in Armour
  8471 | D:10     | Reached *** piety under Okawaru
  9053 | Lair:1   | Entered Level 1 of the Lair of Beasts
  9053 | Lair:1   | Noticed Grum
  9065 | Lair:1   | Killed Grum
  9252 | Lair:1   | You fall into a shaft and drop 1 floor!
  9294 | Lair:2   | Reached **** piety under Okawaru
  9440 | Lair:1   | Noticed a skyshark
  9445 | Lair:1   | Killed a skyshark
  9459 | Lair:1   | Reached skill level 14 in Axes
  9487 | Lair:1   | HP: 4/101 [cane toad (7)]
  9493 | Lair:1   | Reached XP level 12. HP: 23/108 MP: 12/14
  9855 | Lair:1   | Reached ***** piety under Okawaru
 10177 | Lair:2   | Noticed Sonja
 10198 | Lair:2   | Killed Sonja
 11217 | Lair:3   | Reached skill level 5 in Throwing
 11340 | Lair:3   | Reached skill level 5 in Invocations
 11662 | Lair:3   | Reached skill level 15 in Axes
 11742 | Lair:3   | Found a hole to the Spider Nest.
 11749 | Lair:3   | Received a gift from Okawaru
 11934 | Lair:3   | Found a staircase to the Shoals.
 12035 | Lair:3   | Noticed a boulder beetle
 12045 | Lair:3   | Killed a boulder beetle
 12523 | Lair:4   | Noticed a four-headed hydra
 12531 | Lair:4   | Killed a four-headed hydra
 12531 | Lair:4   | Received a gift from Okawaru
 12541 | Lair:4   | Reached XP level 13. HP: 97/117 MP: 9/16
 12959 | Lair:4   | Reached skill level 16 in Axes
 12960 | Lair:4   | Identified the +4 hat of the Abyss {*Corrode rElec rC+ rN+}
                  | (Okawaru gifted it to you on level 4 of the Lair of Beasts)
 12960 | Lair:4   | Received a gift from Okawaru
 13290 | Lair:4   | Found a transporter.
 13314 | Lair:4   | Found a transporter.
 13321 | Lair:4   | Found a one-way gate to the infinite horrors of the Abyss.
 13321 | Lair:4   | Noticed Vufrucs's ghost (journeyman DrTm)
 14012 | Lair:5   | Entered Level 5 of the Lair of Beasts
 14442 | Lair:4   | Identified the +1 cloak of Hiath {Rampage rCorr Int+2
                  | Dex-4} (Okawaru gifted it to you on level 4 of the Lair of
                  | Beasts)
 14442 | Lair:4   | Received a gift from Okawaru
 14642 | Lair:5   | Reached XP level 14. HP: 127/127 MP: 18/18
 14682 | Lair:5   | Reached skill level 17 in Axes
 15175 | Lair:5   | Killed from afar by a lindwurm

Illustrated notes

Levels and vault maps discovered:
D:1:      spicycebolla_arrival_xxxplode, layout_rooms, minmay_tetromino_o2
D:2:      layout_rooms, hellmonk_ecumenical_altar_defaced_shrine,
          minmay_misc_feat_pillars, grunt_ministairs_2, minmay_surrounded
D:3:      layout_loops_ring, serial_shops, nicolae_shop_crystal
D:4:      layout_loops_ring, uniq_menkaure
D:5:      layout_basic, mainiacjoe_overflow_tiny_flanked,
          dreamdust_princess_bridge, uniq_sigmund, uniq_blork_the_orc
D:6:      layout_layer_cave, lemuel_tele_altar, temple_green
D:7:      layout_cave_pools, mainiacjoe_overflow_paths, uniq_pikel,
          uniq_prince_ribbit1
D:8:      minmay_clustersquares, layout_loops_corners
D:9:      layout_stronghold, mainiacjoe_overflow_catch_the_wave, erik_orc_3
D:10:     layout_loops_corners, david_lair_shrubbed, minivault_27, uniq_maggie
Temple:   hellmonk_temple_divided_pantheon
Lair:1:   layout_cellular_growth, uniq_grum
Lair:2:   layout_concentric_octagons, uniq_sonja
Lair:3:   layout_chaotic_city, nicolae_shoals_entry_roost, spider_nest_entry_a,
          grunt_megastairs_5, lemuel_fruit_fields
Lair:4:   layout_small_grid, gammafunk_ghost_abyssal_escape, special_room
          [special_room_mythical_zoo], lemuel_fruit_tree
Lair:5:   due_jungle_book, layout_regular_city, dpeg_slime_entry_enclosed,
          lemuel_fruit_fields, infiniplex_staircase_pool

Skill      XL: |  1  2  3  4  5  6  7  8  9 10 11 12 13 14 |
---------------+-------------------------------------------+-----
Axes           | 3 4 5 6 7 9 11 12 14 15 16 17 | 17.2
Fighting       | 4 5 6 7 8 9 10 11 12 | 12.9
Shields        | 4 5 6 7 8 9 10 11 12 | 12.9
Armour         | 4 5 6 7 8 9 10 11 12 | 12.7
Throwing       | 1 4 5 7 |  7.5
Invocations    | 1 4 5 7 |  7.5

Action                     |  1- 3 |  4- 6 |  7- 9 | 10-12 | 13-15 || total
---------------------------+-------+-------+-------+-------+-------++-------
  Melee: War axe           |    56 |    87 |   181 |   479 |   286 ||  1089
         Headbutt          |     6 |    10 |    25 |    89 |    75 ||   205
  Throw: Boomerang         |       |       |       |    24 |     4 ||    28
 Invoke: Heroism           |       |       |       |     5 |     3 ||     8
         Finesse           |       |       |       |     2 |     2 ||     4
    Use: Scroll            |     6 |     2 |    11 |     7 |     1 ||    27
         Potion            |       |     2 |     1 |     3 |     2 ||     8
 Armour: Scale mail        |    23 |       |       |       |       ||    23
         Plate armour      |    25 |    53 |   142 |   247 |   172 ||   639
  Dodge: Dodged            |    39 |    23 |    84 |   246 |   108 ||   500
  Block: Buckler           |    19 |    20 |    52 |   144 |    74 ||   309
